[ AOE2 MATCH · #483333950 ]
Team RMEthiopians vs Khmer
[ REPLAY ANALYSIS · EXTRACTED FROM THE RECORDED GAME ]
Feudal
12:23
Castle
16:02
Imperial
34:47
| APM avg | 25.1 |
| APM peak | 70 |
| eAPM avg | 15.0 |
| Villagers / military | 139 / 398 |
Focus
⚔️ 28.6% · 🌾 71.4%
Spearman ×206 · Archer ×124 · Shotel Warrior ×64 · Trade Cart ×34 · Trebuchet (Packed) ×3 · Monk ×1
Feudal
13:04
Castle
23:25
Imperial
37:51
| APM avg | 13.2 |
| APM peak | 69 |
| eAPM avg | 10.3 |
| Villagers / military | 91 / 151 |
Focus
⚔️ 41.0% · 🌾 59.0%
Scorpion ×125 · Trade Cart ×15 · Militia ×13 · Battering Ram ×6 · Trebuchet (Packed) ×5 · Monk ×2
Feudal
11:55
Castle
17:00
Imperial
40:51
| APM avg | 24.8 |
| APM peak | 59 |
| eAPM avg | 16.0 |
| Villagers / military | 112 / 166 |
Focus
⚔️ 38.6% · 🌾 61.4%
Spearman ×90 · Longbowman ×42 · Trade Cart ×21 · Knight ×15 · Scout Cavalry ×12 · Petard ×6
Feudal
11:47
Castle
17:42
Imperial
31:31
| APM avg | 25.1 |
| APM peak | 55 |
| eAPM avg | 17.4 |
| Villagers / military | 121 / 111 |
Focus
⚔️ 29.1% · 🌾 70.9%
Battle Elephant ×93 · Trade Cart ×37 · Ballista Elephant ×9 · Monk ×6 · Trebuchet (Packed) ×3
Match map
Initial resources + every placement click. Lines = walls · curves = elevation contours. ◆ gold · ⬟ stone · ● berries · ✦ relic · ◌ wall gap
Your base· ✓ Closed at 16:02 · 12t walls · no gate
Hayel's base· Open — opponent sealed themselves in
kai Ove's base· ✓ Closed at 17:00 · 5t walls · no gate
PauloN's base· Open — opponent sealed themselves in
Smoothed initial terrain · ◌ = detected wall gap · hover for details
Inputs per minute
— osmevoll - - Hayel
Build order — osmevoll
First 150 of 404 actions detected
| 0:01 | Create | Villager (Male) |
| 0:01 | Create | Villager (Male) |
| 0:01 | Create | Villager (Male) |
| 0:02 | Build | House |
| 0:24 | Create | Villager (Male) |
| 0:24 | Create | Villager (Male) |
| 1:23 | Build | House |
| 1:42 | Build | Palisade Wall |
| 2:03 | Create | Villager (Male) ×2 |
| 2:48 | Build | House |
| 2:49 | Build | Palisade Wall |
| 3:08 | Create | Villager (Male) |
| 3:09 | Create | Villager (Male) |
| 3:11 | Build | Lumber Camp |
| 3:49 | Create | Villager (Male) |
| 4:07 | Create | Villager (Male) |
| 4:07 | Create | Villager (Male) |
| 4:36 | Build | House |
| 4:39 | Create | Villager (Male) |
| 4:39 | Create | Villager (Male) |
| 5:08 | Create | Villager (Male) |
| 5:24 | Build | Mill |
| 5:34 | Create | Villager (Male) |
| 5:55 | Create | Villager (Male) |
| 6:25 | Create | Villager (Male) |
| 6:31 | Build | Farm |
| 6:42 | Create | Villager (Male) |
| 6:42 | Create | Villager (Male) |
| 6:58 | Build | Farm |
| 7:33 | Create | Villager (Male) |
| 7:34 | Create | Villager (Male) |
| 7:51 | Build | Lumber Camp |
| 8:05 | Create | Villager (Male) |
| 8:23 | Build | House |
| 8:28 | Create | Villager (Male) |
| 9:03 | Create | Villager (Male) |
| 9:04 | Create | Villager (Male) |
| 9:28 | Research | Feudal Age |
| 9:32 | Build | Mining Camp |
| 11:10 | Create | Villager (Male) |
| 11:10 | Create | Villager (Male) |
| 12:23 | Age | Feudal Age |
| 12:27 | Build | Blacksmith |
| 12:35 | Build | Market |
| 12:42 | Create | Villager (Male) |
| 12:42 | Create | Villager (Male) |
| 12:52 | Build | Farm |
| 12:53 | Build | Farm |
| 12:54 | Build | Farm |
| 13:09 | Research | Double-Bit Axe |
| 13:22 | Research | Castle Age |
| 13:22 | Research | Castle Age |
| 13:26 | Build | Farm |
| 13:28 | Build | Farm |
| 13:33 | Build | Farm |
| 13:50 | Build | House |
| 13:51 | Build | House |
| 13:52 | Build | House |
| 14:20 | Build | House |
| 14:28 | Build | Farm |
| 14:31 | Build | Farm |
| 14:31 | Build | Farm |
| 14:31 | Build | Farm |
| 14:32 | Build | Farm |
| 14:52 | Research | Horse Collar |
| 15:14 | Build | House |
| 15:15 | Build | House |
| 15:18 | Research | Fletching |
| 15:54 | Create | Villager (Male) |
| 16:02 | Age | Castle Age |
| 16:12 | Build | Town Center |
| 16:28 | Create | Villager (Male) |
| 16:37 | Build | Farm |
| 16:37 | Build | Farm |
| 16:50 | Create | Villager (Male) |
| 16:50 | Create | Villager (Male) |
| 17:32 | Build | Town Center |
| 17:41 | Build | Town Center |
| 17:44 | Create | Villager (Male) |
| 17:46 | Create | Villager (Male) |
| 17:47 | Create | Villager (Male) |
| 17:56 | Create | Villager (Male) |
| 17:56 | Create | Villager (Male) |
| 17:57 | Create | Villager (Male) |
| 17:57 | Create | Villager (Male) |
| 18:17 | Create | Villager (Male) |
| 18:17 | Create | Villager (Male) |
| 18:19 | Research | Bow Saw |
| 18:21 | Research | Heavy Plow |
| 18:25 | Research | Bodkin Arrow |
| 18:50 | Create | Villager (Male) |
| 18:50 | Create | Villager (Male) |
| 18:50 | Create | Villager (Male) |
| 19:24 | Create | Villager (Male) |
| 19:25 | Create | Villager (Male) |
| 19:39 | Build | Farm |
| 19:39 | Build | Farm |
| 20:02 | Create | Villager (Male) |
| 20:02 | Create | Villager (Male) |
| 20:19 | Create | Villager (Male) |
| 20:19 | Create | Villager (Male) |
| 20:19 | Create | Villager (Male) |
| 20:29 | Build | Barracks |
| 20:32 | Create | Villager (Male) |
| 20:33 | Create | Villager (Male) |
| 20:46 | Build | Town Center |
| 20:51 | Create | Villager (Male) |
| 20:52 | Create | Villager (Male) |
| 21:25 | Create | Villager (Male) |
| 21:47 | Build | House |
| 21:48 | Build | House |
| 21:49 | Build | House |
| 21:55 | Build | Farm |
| 21:55 | Build | Farm |
| 21:58 | Build | Farm |
| 21:59 | Build | Farm |
| 21:59 | Build | Farm |
| 21:59 | Build | Farm |
| 21:59 | Build | Farm |
| 22:07 | Build | House |
| 22:09 | Build | House |
| 22:10 | Build | House |
| 22:10 | Build | House |
| 22:10 | Build | House |
| 22:10 | Build | House |
| 22:12 | Create | Villager (Male) ×5 |
| 22:13 | Create | Villager (Male) ×3 |
| 22:44 | Build | Farm |
| 22:47 | Build | Farm |
| 22:50 | Create | Villager (Male) |
| 22:50 | Create | Villager (Male) |
| 22:50 | Create | Villager (Male) |
| 23:03 | Create | Villager (Male) ×3 |
| 23:08 | Build | Farm |
| 23:09 | Build | Farm |
| 23:14 | Create | Villager (Male) |
| 23:15 | Create | Villager (Male) |
| 23:39 | Build | House |
| 23:40 | Build | House |
| 23:40 | Build | House |
| 23:41 | Build | House |
| 23:41 | Build | House |
| 23:49 | Create | Villager (Male) |
| 23:50 | Create | Villager (Male) |
| 23:50 | Create | Villager (Male) |
| 23:52 | Create | Villager (Male) |
| 24:08 | Build | Monastery |
| 24:10 | Build | University |
| 24:15 | Create | Villager (Male) ×5 |
| 24:24 | Create | Spearman |
Build order — Hayel
First 150 of 360 actions detected
| 0:13 | Build | House |
| 0:14 | Build | House |
| 0:16 | Build | House |
| 0:17 | Build | House |
| 0:20 | Create | Villager (Male) |
| 0:20 | Create | Villager (Male) |
| 0:21 | Create | Villager (Male) |
| 0:21 | Create | Villager (Male) |
| 1:13 | Build | Mill |
| 1:19 | Research | Loom |
| 2:19 | Create | Villager (Male) |
| 3:00 | Create | Villager (Male) |
| 3:00 | Create | Villager (Male) |
| 3:00 | Create | Villager (Male) |
| 4:20 | Create | Villager (Male) |
| 4:20 | Create | Villager (Male) |
| 4:21 | Create | Villager (Male) |
| 4:21 | Create | Villager (Male) |
| 5:28 | Create | Villager (Male) |
| 5:39 | Create | Villager (Male) |
| 6:43 | Create | Villager (Male) |
| 6:43 | Create | Villager (Male) |
| 7:56 | Create | Villager (Male) |
| 7:57 | Create | Villager (Male) |
| 7:57 | Create | Villager (Male) |
| 9:05 | Build | Mill |
| 9:10 | Create | Villager (Male) |
| 9:16 | Build | Lumber Camp |
| 10:12 | Create | Villager (Male) |
| 10:54 | Research | Feudal Age |
| 11:29 | Create | Villager (Male) |
| 11:29 | Create | Villager (Male) |
| 11:34 | Create | Villager (Male) |
| 11:45 | Build | House |
| 11:47 | Build | House |
| 11:51 | Build | House |
| 12:11 | Create | Villager (Male) |
| 13:04 | Age | Feudal Age |
| 13:05 | Research | Double-Bit Axe |
| 13:08 | Research | Horse Collar |
| 14:07 | Build | Mill |
| 14:14 | Build | Farm |
| 14:19 | Build | House |
| 14:21 | Build | House |
| 14:22 | Build | House |
| 14:31 | Build | Farm |
| 14:32 | Build | Farm |
| 14:33 | Build | Farm |
| 14:34 | Build | Farm |
| 14:35 | Build | Farm |
| 14:35 | Build | Farm |
| 14:40 | Create | Villager (Male) |
| 14:41 | Create | Villager (Male) |
| 14:51 | Build | Mining Camp |
| 15:19 | Create | Villager (Male) |
| 15:34 | Create | Villager (Male) |
| 15:48 | Build | Barracks |
| 16:26 | Create | Villager (Male) |
| 16:26 | Create | Villager (Male) |
| 16:27 | Create | Villager (Male) |
| 17:19 | Create | Villager (Male) |
| 17:20 | Create | Villager (Male) |
| 17:46 | Build | House |
| 17:54 | Build | Market |
| 18:08 | Create | Villager (Male) |
| 18:22 | Create | Villager (Male) |
| 19:30 | Create | Villager (Male) |
| 19:31 | Create | Villager (Male) |
| 19:45 | Build | Blacksmith |
| 20:02 | Create | Trade Cart |
| 20:03 | Create | Trade Cart |
| 20:19 | Create | Villager (Male) |
| 20:27 | Research | Castle Age |
| 20:29 | Create | Villager (Male) |
| 20:39 | Build | House |
| 20:40 | Build | House |
| 20:42 | Build | House |
| 20:44 | Build | House |
| 20:46 | Build | House |
| 20:48 | Build | House |
| 20:58 | Create | Trade Cart |
| 21:14 | Build | Farm |
| 21:15 | Build | Farm |
| 21:16 | Build | Farm |
| 21:18 | Build | Farm |
| 21:18 | Build | Farm |
| 21:32 | Build | Farm |
| 21:33 | Build | Farm |
| 21:34 | Build | Farm |
| 21:35 | Build | Farm |
| 21:36 | Build | Farm |
| 21:37 | Build | Farm |
| 21:38 | Build | Farm |
| 21:39 | Build | Farm |
| 21:45 | Create | Villager (Male) |
| 21:52 | Create | Villager (Male) |
| 21:54 | Create | Villager (Male) |
| 23:25 | Age | Castle Age |
| 23:28 | Build | Town Center |
| 23:34 | Research | Bow Saw |
| 23:38 | Research | Heavy Plow |
| 23:54 | Build | House |
| 23:55 | Build | House |
| 24:17 | Create | Villager (Male) |
| 24:18 | Create | Villager (Male) |
| 24:20 | Create | Villager (Male) |
| 24:24 | Create | Villager (Male) |
| 24:55 | Build | Monastery |
| 25:00 | Create | Villager (Male) |
| 25:00 | Create | Villager (Male) |
| 25:01 | Create | Villager (Male) |
| 25:01 | Create | Villager (Male) |
| 25:12 | Research | Wheelbarrow |
| 25:40 | Build | Mining Camp |
| 25:49 | Build | Siege Workshop |
| 25:52 | Create | Monk |
| 25:57 | Create | Monk |
| 26:10 | Create | Villager (Male) |
| 26:10 | Create | Villager (Male) |
| 26:15 | Create | Trade Cart |
| 26:16 | Create | Trade Cart |
| 26:27 | Create | Villager (Male) |
| 26:28 | Create | Villager (Male) |
| 26:41 | Build | Town Center |
| 26:50 | Create | Villager (Male) |
| 26:50 | Create | Villager (Male) |
| 26:51 | Create | Villager (Male) |
| 26:52 | Create | Villager (Male) |
| 27:19 | Build | House |
| 27:20 | Build | House |
| 27:33 | Create | Villager (Male) |
| 27:33 | Create | Villager (Male) |
| 27:34 | Create | Villager (Male) |
| 27:34 | Create | Villager (Male) |
| 27:34 | Create | Villager (Male) |
| 27:35 | Create | Villager (Male) |
| 27:35 | Create | Villager (Male) |
| 27:35 | Create | Villager (Male) |
| 28:13 | Create | Villager (Male) |
| 28:14 | Create | Villager (Male) |
| 28:14 | Create | Villager (Male) |
| 28:15 | Research | Hand Cart |
| 28:18 | Create | Villager (Male) |
| 28:25 | Build | Siege Workshop |
| 28:33 | Build | University |
| 28:47 | Create | Trade Cart |
| 28:47 | Create | Trade Cart |
| 28:50 | Research | Caravan |
| 29:32 | Create | Villager (Male) |
| 29:33 | Create | Villager (Male) |
Build order — kai Ove
First 150 of 435 actions detected
| 0:01 | Create | Villager (Male) |
| 0:01 | Create | Villager (Male) |
| 0:02 | Create | Villager (Male) |
| 0:02 | Create | Villager (Male) |
| 0:03 | Build | House |
| 0:48 | Build | House |
| 1:02 | Build | Palisade Wall |
| 1:50 | Create | Villager (Male) |
| 1:51 | Create | Villager (Male) |
| 1:51 | Create | Villager (Male) |
| 2:17 | Build | House |
| 2:26 | Create | Villager (Male) |
| 2:26 | Create | Villager (Male) |
| 2:51 | Build | Lumber Camp |
| 2:58 | Create | Villager (Male) |
| 2:58 | Create | Villager (Male) |
| 2:59 | Create | Villager (Male) |
| 3:32 | Create | Villager (Male) |
| 3:32 | Create | Villager (Male) |
| 4:19 | Build | House |
| 4:26 | Create | Villager (Male) |
| 4:26 | Create | Villager (Male) |
| 4:51 | Build | Mill |
| 5:35 | Create | Villager (Male) |
| 5:36 | Create | Villager (Male) |
| 5:53 | Create | Villager (Male) |
| 5:54 | Create | Villager (Male) |
| 5:54 | Create | Villager (Male) |
| 6:08 | Create | Villager (Male) |
| 6:37 | Build | Farm |
| 6:40 | Create | Villager (Male) |
| 7:18 | Build | Farm |
| 7:22 | Build | Farm |
| 7:36 | Create | Villager (Male) |
| 7:36 | Create | Villager (Male) |
| 7:37 | Create | Villager (Male) |
| 7:52 | Create | Villager (Male) |
| 8:26 | Create | Villager (Male) |
| 8:31 | Build | Lumber Camp |
| 8:42 | Build | House |
| 9:24 | Research | Feudal Age |
| 9:34 | Build | Mining Camp |
| 10:07 | Create | Villager (Male) |
| 10:08 | Create | Villager (Male) |
| 10:37 | Build | Farm |
| 10:38 | Build | Farm |
| 10:39 | Build | Farm |
| 10:40 | Build | Farm |
| 10:46 | Build | Farm |
| 10:48 | Build | Farm |
| 11:14 | Build | Farm |
| 11:26 | Create | Villager (Male) |
| 11:27 | Create | Villager (Male) |
| 11:55 | Age | Feudal Age |
| 12:16 | Create | Villager (Male) |
| 12:29 | Build | Market |
| 13:27 | Build | House |
| 13:48 | Build | Blacksmith |
| 13:52 | Research | Loom |
| 14:02 | Research | Double-Bit Axe |
| 14:20 | Research | Castle Age |
| 14:24 | Create | Villager (Male) |
| 14:25 | Create | Villager (Male) |
| 14:25 | Create | Villager (Male) |
| 14:34 | Create | Villager (Male) |
| 14:57 | Build | Farm |
| 14:58 | Build | Farm |
| 14:59 | Build | Farm |
| 15:00 | Build | Farm |
| 15:02 | Build | Farm |
| 15:08 | Build | Farm |
| 15:32 | Build | House |
| 15:33 | Build | House |
| 15:34 | Build | House |
| 15:44 | Build | Farm |
| 17:00 | Age | Castle Age |
| 17:22 | Build | Palisade Gate |
| 17:25 | Build | Farm |
| 17:28 | Create | Villager (Male) |
| 17:29 | Create | Villager (Male) |
| 17:29 | Create | Villager (Male) |
| 17:47 | Research | Caravan |
| 17:51 | Research | Padded Archer Armor |
| 17:52 | Research | Fletching |
| 18:02 | Build | Monastery |
| 18:06 | Research | Bow Saw |
| 18:08 | Research | Horse Collar |
| 18:20 | Create | Villager (Male) |
| 18:41 | Create | Villager (Male) |
| 18:42 | Create | Villager (Male) |
| 18:56 | Build | House |
| 18:58 | Build | House |
| 18:58 | Build | House |
| 19:04 | Build | Mining Camp |
| 19:11 | Build | Farm |
| 19:21 | Create | Villager (Male) |
| 19:25 | Create | Trade Cart |
| 19:25 | Create | Trade Cart |
| 19:26 | Create | Trade Cart |
| 19:27 | Create | Trade Cart |
| 19:38 | Create | Monk |
| 20:02 | Create | Villager (Male) |
| 20:33 | Build | Barracks |
| 21:45 | Build | Mining Camp |
| 22:07 | Build | Lumber Camp |
| 22:10 | Build | Lumber Camp |
| 23:05 | Research | Gold Mining |
| 23:06 | Research | Stone Mining |
| 23:11 | Research | Leather Archer Armor |
| 23:11 | Research | Bodkin Arrow |
| 23:42 | Build | Mining Camp |
| 24:01 | Build | Stable |
| 24:27 | Create | Villager (Male) |
| 24:27 | Create | Villager (Male) |
| 24:28 | Create | Villager (Male) |
| 24:28 | Create | Villager (Male) |
| 24:29 | Create | Villager (Male) |
| 24:31 | Create | Villager (Male) |
| 24:32 | Create | Villager (Male) |
| 24:40 | Create | Villager (Male) |
| 24:50 | Research | Heavy Plow |
| 24:58 | Create | Trade Cart |
| 24:58 | Create | Trade Cart |
| 24:58 | Create | Trade Cart |
| 25:00 | Create | Trade Cart |
| 25:00 | Create | Trade Cart |
| 25:03 | Research | Gold Shaft Mining |
| 25:14 | Research | Husbandry |
| 25:24 | Create | Villager (Male) |
| 25:35 | Build | Town Center |
| 25:57 | Research | Wheelbarrow |
| 26:03 | Create | Villager (Male) |
| 26:04 | Create | Villager (Male) |
| 26:04 | Create | Villager (Male) |
| 26:04 | Create | Villager (Male) |
| 26:04 | Create | Villager (Male) |
| 26:05 | Create | Villager (Male) |
| 26:52 | Build | Castle |
| 28:25 | Create | Villager (Male) |
| 28:25 | Create | Villager (Male) |
| 28:26 | Create | Villager (Male) |
| 28:26 | Create | Villager (Male) |
| 28:26 | Create | Villager (Male) |
| 28:30 | Research | Hand Cart |
| 28:34 | Research | Hand Cart |
| 28:34 | Create | Villager (Male) |
| 28:35 | Create | Villager (Male) |
| 28:35 | Create | Villager (Male) |
| 28:35 | Create | Villager (Male) |
| 28:36 | Create | Villager (Male) |
Build order — PauloN
First 150 of 434 actions detected
| 0:01 | Create | Villager (Male) |
| 0:02 | Create | Villager (Male) |
| 0:02 | Create | Villager (Male) |
| 0:02 | Create | Villager (Male) |
| 0:04 | Build | House |
| 0:05 | Build | House |
| 1:34 | Create | Villager (Male) |
| 1:35 | Create | Villager (Male) |
| 1:44 | Research | Loom |
| 2:05 | Create | Villager (Male) |
| 2:31 | Create | Villager (Male) |
| 2:42 | Build | House |
| 2:50 | Create | Villager (Male) |
| 2:51 | Create | Villager (Male) |
| 3:16 | Create | Villager (Male) |
| 3:36 | Build | House |
| 3:38 | Create | Villager (Male) |
| 4:03 | Create | Villager (Male) |
| 4:03 | Create | Villager (Male) |
| 4:04 | Create | Villager (Male) |
| 4:08 | Build | Palisade Wall |
| 4:55 | Build | Mill |
| 5:04 | Create | Villager (Male) |
| 5:04 | Create | Villager (Male) |
| 5:05 | Create | Villager (Male) |
| 5:39 | Create | Villager (Male) |
| 5:39 | Create | Villager (Male) |
| 6:08 | Create | Villager (Male) |
| 6:31 | Build | Lumber Camp |
| 6:33 | Create | Villager (Male) |
| 6:33 | Create | Villager (Male) |
| 6:44 | Create | Villager (Male) |
| 7:35 | Create | Villager (Male) |
| 7:35 | Create | Villager (Male) |
| 7:36 | Create | Villager (Male) |
| 7:36 | Create | Villager (Male) |
| 7:52 | Build | House |
| 8:49 | Create | Villager (Male) |
| 9:37 | Research | Feudal Age |
| 9:43 | Build | House |
| 10:41 | Build | Mining Camp |
| 11:07 | Create | Villager (Male) |
| 11:34 | Create | Villager (Male) |
| 11:47 | Age | Feudal Age |
| 12:01 | Build | Market |
| 12:10 | Build | Blacksmith |
| 12:12 | Research | Double-Bit Axe |
| 12:25 | Create | Villager (Male) |
| 13:06 | Create | Villager (Male) |
| 13:33 | Build | Mill |
| 13:39 | Create | Villager (Male) |
| 14:08 | Create | Villager (Male) |
| 15:02 | Research | Castle Age |
| 15:14 | Build | House |
| 16:03 | Build | House |
| 16:14 | Research | Horse Collar |
| 17:04 | Build | Mining Camp |
| 17:42 | Age | Castle Age |
| 17:47 | Build | Town Center |
| 18:04 | Create | Villager (Male) |
| 18:05 | Create | Villager (Male) |
| 18:08 | Research | Bow Saw |
| 18:10 | Research | Heavy Plow |
| 18:28 | Create | Villager (Male) |
| 18:28 | Create | Villager (Male) |
| 18:46 | Build | House |
| 18:52 | Create | Villager (Male) |
| 18:58 | Build | Monastery |
| 19:06 | Create | Villager (Male) |
| 19:07 | Create | Villager (Male) |
| 19:18 | Create | Villager (Male) |
| 19:19 | Create | Villager (Male) |
| 19:36 | Create | Monk |
| 19:38 | Create | Monk |
| 19:43 | Build | House |
| 19:52 | Build | Farm |
| 19:52 | Build | Farm |
| 19:53 | Build | Farm |
| 19:53 | Build | Farm |
| 19:53 | Build | Farm |
| 19:54 | Build | Farm |
| 20:06 | Create | Villager (Male) |
| 20:26 | Create | Villager (Male) |
| 20:51 | Build | Farm |
| 20:51 | Build | Farm |
| 20:52 | Build | Farm |
| 20:52 | Build | Farm |
| 20:52 | Build | Farm |
| 20:52 | Build | Farm |
| 20:54 | Create | Villager (Male) |
| 20:56 | Create | Villager (Male) |
| 21:33 | Build | Farm |
| 21:33 | Build | Farm |
| 21:34 | Build | Farm |
| 21:34 | Build | Farm |
| 21:34 | Build | Farm |
| 21:35 | Build | Farm |
| 21:35 | Build | Farm |
| 21:35 | Build | Farm |
| 21:36 | Create | Villager (Male) |
| 21:37 | Create | Villager (Male) |
| 21:47 | Create | Villager (Male) |
| 21:53 | Create | Villager (Male) |
| 21:53 | Create | Villager (Male) |
| 22:08 | Build | Castle |
| 22:21 | Build | Town Center |
| 22:22 | Create | Villager (Male) |
| 22:23 | Create | Villager (Male) |
| 22:45 | Create | Villager (Male) |
| 22:46 | Create | Villager (Male) |
| 23:08 | Build | University |
| 23:11 | Create | Villager (Male) |
| 23:12 | Create | Villager (Male) |
| 23:30 | Create | Villager (Male) |
| 23:30 | Create | Villager (Male) |
| 23:36 | Create | Villager (Male) |
| 23:42 | Create | Villager (Male) |
| 23:45 | Build | Farm |
| 23:45 | Build | Farm |
| 23:46 | Build | Farm |
| 23:46 | Build | Farm |
| 23:58 | Create | Villager (Male) |
| 24:03 | Create | Villager (Male) |
| 24:25 | Create | Villager (Male) |
| 24:25 | Create | Villager (Male) |
| 24:36 | Build | Farm |
| 24:36 | Build | Farm |
| 24:39 | Build | Farm |
| 24:39 | Build | Farm |
| 24:40 | Build | Farm |
| 24:46 | Create | Villager (Male) |
| 24:47 | Create | Villager (Male) |
| 24:50 | Create | Villager (Male) |
| 24:58 | Build | Farm |
| 24:58 | Build | Farm |
| 24:58 | Build | Farm |
| 24:58 | Build | Farm |
| 24:59 | Build | Farm |
| 24:59 | Build | Farm |
| 25:13 | Build | Town Center |
| 25:18 | Create | Villager (Male) |
| 25:18 | Create | Villager (Male) |
| 25:19 | Create | Villager (Male) |
| 25:27 | Build | Farm |
| 25:32 | Create | Villager (Male) |
| 25:44 | Create | Villager (Male) |
| 25:52 | Research | Wheelbarrow |
| 25:55 | Create | Villager (Male) |
| 26:00 | Create | Villager (Male) |
| 26:11 | Build | Farm |
Match timeline
| 1:02 | kai Ove · wall_segment Palisade Wall x5 |
| 1:42 | osmevoll · wall_segment Palisade Wall x5 |
| 2:49 | osmevoll · wall_segment Palisade Wall x7 |
| 4:08 | PauloN · wall_segment Palisade Wall x6 |
| 11:47 | PauloN · age_up feudal |
| 11:55 | kai Ove · age_up feudal |
| 12:23 | osmevoll · age_up feudal |
| 13:04 | Hayel · age_up feudal |
| 14:30 | PauloN · first_market_buy 100 food |
| 14:33 | PauloN · first_market_sell 100 wood |
| 15:48 | Hayel · first_building Barracks |
| 16:02 | osmevoll · age_up castle |
| 17:00 | kai Ove · age_up castle |
| 17:42 | PauloN · age_up castle |
| 18:02 | kai Ove · first_building Monastery |
| 18:58 | PauloN · first_building Monastery |
| 20:29 | osmevoll · first_building Barracks |
| 20:33 | kai Ove · first_building Barracks |
| 22:08 | PauloN · first_building Castle |
| 22:49 | Hayel · first_market_buy 100 wood |
| 23:25 | Hayel · age_up castle |
| 24:01 | kai Ove · first_building Stable |
| 24:08 | osmevoll · first_building Monastery |
| 24:55 | Hayel · first_building Monastery |
| 25:29 | osmevoll · wall_segment Stone Wall x2 |
| 25:32 | osmevoll · wall_segment Stone Wall x6 |
| 25:33 | osmevoll · wall_segment Stone Wall x5 |
| 25:49 | Hayel · first_building Siege Workshop |
| 25:52 | osmevoll · wall_segment Stone Wall x10 |
| 26:36 | kai Ove · first_market_buy 100 stone |
| 26:40 | PauloN · first_building Barracks |
| 26:52 | kai Ove · first_building Castle |
| 27:37 | PauloN · first_building Stable |
| 29:12 | PauloN · wall_segment Stone Wall x21 |
| 29:31 | osmevoll · first_building Archery Range |
| 31:29 | osmevoll · first_building Stable |
| 31:29 | Hayel · first_building Castle |
| 31:31 | PauloN · age_up imperial |
| 34:47 | osmevoll · age_up imperial |
| 36:21 | osmevoll · first_building Castle |
| 37:51 | Hayel · age_up imperial |
| 40:51 | kai Ove · age_up imperial |
| 47:16 | PauloN · tribute_sent a jugador 1 |
| 47:16 | PauloN · tribute_sent a jugador 2 |
| 47:16 | PauloN · tribute_sent a jugador 3 |
| 48:06 | kai Ove · resign |
[ AI ANALYSIS · 1 CREDIT ]
What really happened in this match?
Wolo.gg analyzes every decision: build order, eco, micro, common mistakes by bracket. Personalized analysis on WhatsApp or Discord in 30 seconds.
Civ guide
Ethiopians
Map guide
Black Forest
Perfil
osmevoll